← All builds
Geo sea / Cortex / Economy first / OBSERVED BUILD

Standard geo sea

Cortex Geo sea build order · Supreme Isthmus

The role's default economy-first opening: bot lab then shipyard in the cove, early frigate and destroyer with a sub, taking geo on time before transitioning into a mixed navy for the rest of the game.

Usually shipyard in the cove (98%) · geo on time (83%)

#naval #eco · 1270 distinct matches · 170 players · 55% of Cortex Geo sea games · team won 54% of 1413 · Recently observed

HOW TO PLAY IT

Key timing: Bot Lab by 1:12, Shipyard by 3:17

  1. Open 3 mex into wind, then drop Bot Lab in cove.
  2. Finish Bot Lab, keep teching mex and wind.
  3. Get Shipyard up and start pumping subs and frigates.
  4. Eat the Bot Lab for metal once you have T1 units defending.
  5. Push out submarine, frigate, destroyer to contest sea.
  6. Bring geothermal online and transition toward T2 constructor.

Phase by phase

TYPICAL OF ITS 1270 GAMES · AGAINST STANDARD GEO SEA
  1. 1
  2. 2
  3. 3
  4. 4
PLAY THE OPENING

Follow the example game's first 6:00 step by step: what to build now, what comes next, and where it goes. At 1× it keeps pace with your own game.

  1. 1

    Up to the Bot Lab

    Economy
    • Metal Extractor3Mex
    • Wind Turbine3Wind
    • Wind Turbine2Windfor allies+2 vs standard
    Order
    1. Bot LabBot Lab after 3 mex, 3 winddone ~1:12, middle half 1:08–1:21

    By 0:55 in all: 3 mex · 3 wind

    The example game in this phase · 6 steps
    1. Mex ×2
    2. Wind
    3. Mex
    4. Wind ×2
    5. Windfor Air
    6. Bot LabBot Labdone 1:12 · typical 1:12
  2. 2

    Bot Lab to Shipyard

    Economy
    • Metal Extractor1Mex
    • Wind Turbine2Wind
    Order
    1. ShipyardShipyard after 4 mex, 4 wind, 1 energy storagedone ~3:19, middle half 3:02–3:38
    Builders
    • Graverobber3 Graverobber
    • Construction Bot3 Con bot
    Army
    • Grunt1 Grunt

    Some games also: con turret (47%) · trasher (40%) · energy storage (38%)

    By 2:54 in all: 4 mex · 4 wind · 1 energy storage

    The example game in this phase · 10 steps
    1. Wind
    2. GraverobberGraverobber ×2
    3. Windfor Air
    4. GraverobberGraverobber
    5. Windfor Air
    6. GraverobberGraverobber
    7. Construction BotCon bot ×2
    8. Con turret
    9. Energy storage
    10. ShipyardShipyarddone 3:32 · typical 3:19
  3. 3

    Shipyard to 5:00

    Economy
    • Metal Extractor4Mex
    Order
    1. Bot LabEat Bot Lab
    Builders
    • Construction Ship1 Con ship
    Army
    • Guard1 Guard
    • Riptide2 Frigate
    • Orca1 Submarine
    • Herring1 Missile corvette
    Other
    • Radar Tower1 Radar Tower

    Some games also: wind (48%) · gunboat (44%) · destroyer (43%) · converter (40%) · con turret (31%)

    By 5:00 in all: 8 mex · 6 wind · 1 energy storage · 1 con turret

    The example game in this phase · 12 steps
    1. Bot LabEat Bot Labreclaimed for its metal
    2. Mex ×2
    3. Construction ShipCon ship
    4. Mex
    5. Construction ShipCon ship
    6. SupporterGunboat ×2
    7. OppressorDestroyerdone 4:38 · typical 5:58
    8. GuardGuard
    9. Mex ×2
    10. Geothermal PowerplantGeodone 5:19 · typical 8:13
    11. HerringMissile corvette
    12. Death CavalryDeath Cavalry
  4. 4

    5:00 to 10:00

    Economy
    • Metal Extractor2Mex
    • Wind Turbine6Wind−8 vs standard
    • Energy Converter3Converter+3 vs standard
    Order
    1. Geothermal PowerplantGeo after 9 mex, 9 wind, 2 converterin 78% of games
    Builders
    • Construction Turret1 Con turret
    • Death Cavalry2 Death Cavalry
    • Construction Ship1 Con ship
    Army
    • Guard2 Guard
    • Riptide5 Frigate
    • Herring2 Missile corvette

    Some games also: Thistle (41%) · submarine (31%) · Urchin (30%)

    By 10:00 in all: 10 mex · 13 wind (standard 21) · 1 geo · 4 converter (standard 2) · 1 energy storage · 2 con turret

    The example game in this phase · 180 steps
    1. Mex
    2. Naval Radar / Sonar TowerNaval Radar / Sonar Tower
    3. Converter ×2
    4. RiptideFrigatedone 5:51 · typical 4:46
    5. GuardGuard
    6. Converter
    7. UrchinUrchin
    8. RiptideFrigate
    9. Converter ×2
    10. RiptideFrigate
    11. Converter ×2
    12. RiptideFrigate
    13. Converter
    14. Construction ShipCon ship
    15. Converter ×2
    16. Construction ShipCon ship
    17. Con turret
    18. RiptideFrigate
    19. Converter
    20. RiptideFrigate
    21. Converter
    22. UrchinUrchin
    23. Wind
    24. OppressorDestroyer
    25. Converter
    26. Wind ×2
    27. Converter
    28. Advanced Metal ExtractorT2 mexdone 9:07 · typical 9:24
    29. Wind
    30. Con turret
    31. RiptideFrigate
    32. Wind
    33. Con turret
    34. Wind
    35. Converter
    36. RiptideFrigate
    37. Wind
    38. Converter
    39. Wind
    40. Converter
    41. RiptideFrigate
    42. Wind
    43. RiptideFrigate
    44. Con turret
    45. Wind
    46. Converter
    47. Wind
    48. Converter
    49. RiptideFrigate
    50. Wind
    51. Converter
    52. Death CavalryDeath Cavalry
    53. Wind
    54. Advanced Metal ExtractorT2 mex
    55. Wind
    56. Con turret
    57. SupporterGunboat
    58. Wind
    59. Con turret
    60. HerringMissile corvette
    61. Naval Metal Storage
    62. Wind
    63. Naval Radar / Sonar TowerNaval Radar / Sonar Tower
    64. HerringMissile corvette
    65. Wind
    66. SupporterGunboat
    67. Advanced Metal ExtractorT2 mex
    68. Wind
    69. SupporterGunboat ×2
    70. Wind
    71. SupporterGunboat
    72. Converter
    73. SupporterGunboat
    74. Wind
    75. Naval Radar / Sonar TowerNaval Radar / Sonar Tower
    76. OppressorDestroyer
    77. Wind ×2
    78. Radar TowerRadar Tower
    79. Wind
    80. ThistleThistle
    81. Construction ShipCon ship
    82. ThistleThistle
    83. Wind
    84. Construction ShipCon ship
    85. Advanced Metal ExtractorT2 mex
    86. ThistleThistle
    87. Wind
    88. Construction ShipCon ship
    89. ThistleThistle
    90. RiptideFrigate
    91. Wind
    92. RiptideFrigate
    93. Wind ×2
    94. RiptideFrigate
    95. Wind ×2
    96. SupporterGunboat ×2
    97. Wind ×2
    98. SupporterGunboat
    99. Mex
    100. Wind
    101. SupporterGunboat ×2
    102. Wind ×2
    103. SupporterGunboat
    104. Wind
    105. SupporterGunboat
    106. Wind
    107. SupporterGunboat
    108. Wind
    109. Advanced Metal ExtractorT2 mex
    110. SupporterGunboat
    111. Con turret
    112. Wind
    113. SupporterGunboat
    114. Mex
    115. Wind ×6
    116. Con turret
    117. Wind
    118. Naval Energy Storage
    119. Wind ×2
    120. Advanced Metal ExtractorT2 mex
    121. SupporterGunboat
    122. Mex
    123. Wind
    124. Con turret
    125. Naval Energy Storage
    126. Wind
    127. SupporterGunboat
    128. Wind
    129. Con turret
    130. Wind ×2
    131. Naval Energy Storage
    132. SupporterGunboat
    133. Wind
    134. Con turret
    135. Wind
    136. SupporterGunboat
    137. Con turret
    138. Wind ×2
    139. SupporterGunboat
    140. Con turret
    141. Wind ×2
    142. Advanced ShipyardAdvanced Shipyarddone 12:59
    143. Wind ×6
    144. Advanced Geothermal PowerplantAdvanced Geothermal Powerplantdone 14:02
    145. Advanced Construction SubAdvanced Construction Sub
    146. Wind ×2
    147. Aircraft PlantAircraft Plantdone 13:24
    148. PathfinderPathfinder
    149. Wind ×2
    150. JunoJuno
    151. PathfinderPathfinder
    152. Wind ×2
    153. PathfinderPathfinder
    154. Wind ×2
    155. PathfinderPathfinder
    156. Wind
    157. JunoJuno
    158. PathfinderPathfinder
    159. Wind
    160. PathfinderPathfinder
    161. Wind
    162. Naval Advanced Metal ExtractorNaval Advanced Metal Extractordone 14:21
    163. Wind
    164. PathfinderPathfinder
    165. JunoJuno
    166. PathfinderPathfinder
    167. Wind
    168. Advanced Metal ExtractorT2 mex
    169. PathfinderPathfinder
    170. Wind
    171. PathfinderPathfinder
    172. HerringMissile corvette
    173. Naval Advanced Metal ExtractorNaval Advanced Metal Extractor
    174. Naval Construction Turret
    175. HerringMissile corvette
    176. Wind
    177. HerringMissile corvette ×2
    178. Advanced Metal ExtractorT2 mex
    179. HerringMissile corvette
    180. Wind

Counts are medians over the build's games: half of them build more, half fewer. The example game is theClaptain's (32 OS, 12/10/2026); pick another.

Team trades

IN AT LEAST 30% OF ITS GAMES

You hand over

  • Wind Turbine2 Wind to Airfirst at 1:41 · in 75% of games

You get

  • Finch1 Finch from Airfirst at 1:52 · in 83% of games
  • Hercules1 Light transport from Airfirst at 2:00 · in 77% of games
  • Advanced Construction Bot1 T2 con bot from Techfirst at 7:42 · in 90% of games

How it plays out

Typical game of this build, running totals by minute

Metal produced

010k20k30k
0:005:0010:0015:00

metal

Enemy metal destroyed

05k10k
0:005:0010:0015:00

metal

Own metal lost

02.5k5k7.5k
0:005:0010:0015:00

metal

1413 games.

Show as table
ByMetal produced: This buildEnemy metal destroyed: This buildOwn metal lost: This build
1:0039800
2:0092900
3:00155300
4:002865050
5:00405815052
6:005404465250
7:006875920551
8:0085571551910
9:001039924551343
10:001255235432041
11:001514246792801
12:001819060503692
13:002150672774461
14:002526386485371
15:002910799476381
WHAT THE NUMBERS SAY

This is the role's own baseline, winning a bit over half its games with steady eco scaling and sea trades roughly matching losses.

  • + Team wins slightly over half of games played.
  • + Metal production scales from ~4k to ~29.5k by 15:00.
  • − Own metal lost climbs to 6875 by 15:00, matching kills closely.
  • − T2 factory only reached in 40% of games, limiting late power.
THE EXAMPLE YOU ARE READING

theClaptain

32.2 OS · 12/10/2026

Open source match ↗

14 received units · includes a constructor
157 metal received · 116919 energy received

Allied construction assistance is unknown. Timings are observations, not a promise of solo reproducibility.

Typical milestones

Bot Lab1:12Middle 50%: 1:08–1:21 · n=1404
Shipyard3:19Middle 50%: 3:02–3:38 · n=1408
Orca4:20Middle 50%: 3:51–5:01 · n=918
Riptide4:46Middle 50%: 4:11–5:29 · n=1371
Oppressor5:58Middle 50%: 5:13–6:47 · n=1321
Geothermal Powerplant8:13Middle 50%: 7:13–9:26 · n=1346
Advanced Metal Extractor9:24Middle 50%: 8:48–10:21 · n=1244

Played most by

Elpoloow113games of this buildhihimik67games of this buildSHOGVN59games of this buildPRO_Rerory52games of this buildAlphacure50games of this build